 Dungeon Crawl Stone Soup version 0.28-a0-1435-g82390b3a13 (webtiles) character file.

Game seed: 13986468561513844205

99620 Lekart the Archer (level 15, -4/201 HPs)
             Began as a Red Draconian Brigand on Jan 7, 2022.
             Was an Elder of Makhleb.
             Slain by a +1 long sword of electrocution (16 damage)
             ... on level 1 of the Elven Halls on Jan 9, 2022.
             The game lasted 01:59:15 (48839 turns).

Lekart the Archer (Red Draconian Brigand)          Turns: 48839, Time: 01:59:15

Health: -4/201     AC: 21    Str: 12    XL:     15   Next: 78%
Magic:  23/23      EV: 21    Int: 12    God:    Makhleb [****..]
Gold:   855        SH:  5    Dex: 25    Spells: 10/17 levels left

rFire   + . .      SeeInvis .   i - +7 dagger (elec)
rCold   . . .      Faith    .   (no shield)
rNeg    . . .      Spirit   .   (armour unavailable)
rPois   .          Reflect  +   D - +2 hat
rElec   .          Harm     .   b - +2 cloak
rCorr   .          Rampage  .   r - +2 pair of gloves
Will    +....                   (no boots)
Stlth   ..........              e - amulet of reflection
HPRegen 0.43/turn               P - +6 ring of dexterity
MPRegen 0.18/turn               I - +4 ring of protection

@: berserking, short of breath, very quick
A: breathe fire, AC +9, unfitting armour, fire resistance 1, cold-blooded,
stinger 1, weak 1, noise suppression
a: Breathe Fire, Renounce Religion, Minor Destruction, Lesser Servant of
Makhleb, Major Destruction


You were on level 1 of the Elven Halls.
You worshipped Makhleb.
Makhleb was greatly pleased with you.
You visited 9 branches of the dungeon, and saw 31 of its levels.
You visited 1 bazaar.

You collected 2160 gold pieces.
You spent 1305 gold pieces at shops.

Inventory:

Hand Weapons
 i - a +7 dagger of electrocution (weapon)
 n - a +4 vorpal shortbow
 o - a +2 whip of distortion
Missiles
 a - 5 poisoned darts
 c - 4 curare-tipped darts (quivered)
 p - 732 arrows
Armour
 b - a +2 cloak (worn)
 r - a +2 pair of gloves (worn)
 D - a +2 hat (worn)
Jewellery
 e - an amulet of reflection (around neck)
 j - a +6 ring of intelligence
 s - a ring of protection from cold
 v - a +6 ring of intelligence
 C - a ring of wizardry
 I - a +4 ring of protection (right hand)
 L - a +6 ring of intelligence
 M - a ring of magical power
 O - a ring of fire
 P - a +6 ring of dexterity (left hand)
Wands
 y - a wand of iceblast (2)
 K - a wand of digging (6)
Scrolls
 f - 3 scrolls of teleportation
 m - 4 scrolls of amnesia
 q - a scroll of enchant armour
 t - 3 scrolls of fear
 u - 4 scrolls of identify
 F - 8 scrolls of magic mapping
 G - 3 scrolls of silence
 H - 6 scrolls of blinking
 J - a scroll of summoning
 N - 2 scrolls of fog
Potions
 d - 5 potions of curing
 g - 6 potions of brilliance
 h - a potion of invisibility
 k - a potion of attraction
 w - 5 potions of ambrosia
 x - a potion of magic
 z - 2 potions of flight
 A - 2 potions of berserk rage
 B - 2 potions of haste
 E - a potion of resistance


   Skills:
 + Level 12.4 Fighting
 + Level 8.9 Short Blades
 + Level 6.0 Maces & Flails
 + Level 12.4 Bows
 + Level 8.8 Throwing
 + Level 10.4 Dodging
 + Level 7.5 Stealth
 + Level 6.0 Shields
 * Level 1.9 Spellcasting
 * Level 1.1 Hexes
 + Level 0.9 Transmutations
 * Level 1.4 Air Magic
 * Level 11.9 Invocations
 + Level 3.6 Evocations


You had 10 spell levels left.
You knew the following spells:

 Your Spells              Type           Power      Damage    Failure   Level
a - Wereblood             Tmut           3%         N/A       28%         2
b - Silence               Hex/Air        2%         N/A       99%         5

Your spell library contained the following spells:

 Spells                   Type           Power      Damage    Failure   Level
 Beastly Appendage        Tmut           6%         N/A       19%         1
 Sting                    Tmut/Pois      8%         1d3       22%         1
 Animate Skeleton         Necr           2%         N/A       28%         1
 Pain                     Necr           4%         1d4       28%         1
 Summon Small Mammal      Summ           4%         N/A       28%         1
 Poisonous Vapours        Pois/Air       4%         N/A       30%         2
 Static Discharge         Conj/Air       2%         N/A       30%         2
 Ensorcelled Hibernation  Hex/Ice        4%         N/A       32%         2
 Sublimation of Blood     Necr           1%         N/A       38%         2
 Summon Guardian Golem    Hex/Summ       2%         N/A       54%         3
 Spider Form              Tmut/Pois      2%         N/A       56%         3
 Call Canine Familiar     Summ           1%         N/A       63%         3
 Vampiric Draining        Necr           1%         2d6       63%         3
 Petrify                  Tmut/Erth      2%         N/A       92%         4
 Dispel Undead            Necr           1%         3d6       95%         4
 Olgreb's Toxic Radiance  Pois           1%         N/A       95%         4
 Passage of Golubria      Tloc           1%         N/A       95%         4
 Sticky Flame             Conj/Fire      1%         2d3       95%         4
 Irradiate                Conj/Tmut      1%         3d14      99%         5
 Metabolic Englaciation   Hex/Ice        1%         N/A       99%         5
 Statue Form              Tmut/Erth      1%         N/A       100%        6
 Lehudib's Crystal Spear  Conj/Erth      0%         10d2      100%        8


Dungeon Overview and Level Annotations

Branches:
Dungeon (15/15)            Temple (1/1) D:5            Lair (6/6) D:9
  Swamp (1/4) Lair:2       Spider (3/4) Lair:2        Slime (0/5) Lair:5
    Orc (2/2) D:12            Elf (1/3) Orc:2        Vaults (0/5) D:13
 Depths (1/4) D:15           Hell (visited)
    Dis: Hell:1         Geh: Hell:1         Coc: Hell:1         Tar: Hell:1

Altars:
Ashenzari
Cheibriados
Dithmenos
Elyvilon
Fedhas
Gozag
Hepliaklqana
Kikubaaqudgha
Makhleb
Nemelex Xobeh
Okawaru
Qazlal
Ru
Sif Muna
Trog
Uskayaw
Vehumet
Wu Jian
Xom
Yredelemnul
Zin
The Shining One
Beogh

Shops:
D:3 !   D:10 ?   Orc:2 :?[?

Portals:
Hell: Lair:6

Annotations:
D:3 3 runed translucent doors, exclusion: downstairs, Lekart's ghost, amateur DrFi
D:6 1 runed translucent door, MacCMillion's ghost, novice DsFi
D:7 exclusion: downstairs
D:8 exclusion: downstairs
D:13 3 runed translucent doors, exclusion: downstairs, fly's ghost, journeyman DgDe
Hell Geryon


Innate Abilities, Weirdness & Mutations

You can breathe blasts of fire.
Your fiery red scales are hard. (AC +9)
You cannot fit into any form of body armour.
Your flesh is heat resistant. (rF+)
You are cold-blooded and may be slowed by cold attacks.
Your tail ends in a venomous barb.
You are weak. (Str -2)
You passively dampen the noise of your surroundings.


Message History

The earth elemental is almost destroyed.
The earth elemental misses you.
You hit the earth elemental.
You destroy the earth elemental!
Makhleb accepts your kill.
Okay, then.
The deep elf archer shoots an arrow.
The arrow hits you.
* * * LOW HITPOINT WARNING * * *
There is an open door here.
You close the door.
You start resting.
A +1 long sword of electrocution comes into view.
A +1 long sword of electrocution is nearby!
A deep elf archer opens the door.
The sentinel's mark upon you fades away.
The deep elf archer unwields a +0 longbow.
The deep elf archer wields a +0 short sword.
The deep elf archer completely misses you.
There is an open door here.
The +1 long sword of electrocution hits you!
* * * LOW HITPOINT WARNING * * *
Okay, then.
A red film seems to cover your vision as you go berserk!
You feel yourself moving faster!
You feel mighty!
The +1 long sword of electrocution closely misses you.
You block the deep elf archer's attack.
The +1 long sword of electrocution hits you.
* * * LOW HITPOINT WARNING * * *
You puncture the deep elf archer!
Lightning courses through the deep elf archer!
The deep elf archer is almost dead.
The deep elf archer casts a spell at you.
You resist with some effort.
You puncture the deep elf archer!
You kill the deep elf archer!
Makhleb accepts your kill.
The +1 long sword of electrocution hits you.
* * * LOW HITPOINT WARNING * * *
You are electrocuted!
You die...

#........#
#.(......#
#........#
#........#
+........#
+........+
#.......## ##.....##
##.)@## ##(## #.#
####.## +.....#####
.........+.........+
.........#####..####
......... #..#
....... #..#


You could see a +1 long sword of electrocution.

Vanquished Creatures
  A lich (Depths:1)
  Gastronok (Lair:1)
  A fire giant (Depths:1)
  A bunyip (Swamp:1)
  A dire elephant (Lair:6)
  An ettin (Depths:1)
  3 boulder beetles
  Erolcha (Orc:2)
  A great orb of eyes (D:12)
  A ghost crab (Swamp:1)
  8 hydras
  6 centaur warriors
  3 ogre magi
  4 catoblepae
  An alligator (Swamp:1)
  7 two-headed ogres
  2 tengu warriors (D:14)
  A sixfirhy (Lair:6)
  A skeletal warrior (D:13)
  A storm dragon skeleton (D:15)
  A goliath frog (Lair:2)
  A sphinx zombie (D:15)
  2 wizards
  An orc knight (Orc:1)
  A phantasmal warrior (D:15)
  A necromancer (D:15)
  A lindwurm (Lair:6)
  A deep elf zephyrmancer (Elf:1)
  A deep elf archer (Elf:1)
  7 orc sorcerers
  10 ugly things
  A wolf spider (Lair:2)
  8 deep elf pyromancers
  7 manticores
  A fire giant zombie (D:15)
  4 cyclopes
  7 elephants
  5 black mambas
  An ice statue (D:11)
  A smoke demon (Lair:6)
  A torpor snail (Spider:1)
  10 cane toads
  An orange demon (Lair:6)
  4 yaktaurs (D:13)
  4 rime drakes
  3 ice devils (Lair:6)
  An unseen horror (D:9)
  2 freezing wraiths
  8 komodo dragons
  A guardian mummy (D:15)
  A tengu conjurer (D:14)
  2 red devils (Lair:6)
  3 meliai
  A hornet (D:11)
  A wind drake (D:12)
  7 trolls
  Grinder (D:6)
  10 slime creatures
  3 polar bears
  14 blink frogs
  A meliai zombie (D:8)
  2 culicivoras
  6 wyverns
  A vampire (D:13)
  3 wraiths
  8 jumping spiders
  A shadow (D:5)
  A yak (shapeshifter) (D:15)
  45 yaks
  A human (shapeshifter) (D:13)
  2 basilisks
  3 steam dragons
  6 vampire mosquitoes
  2 wargs (Orc:1)
  Menkaure (D:5)
  Edmund (D:6)
  5 redbacks
  2 acid dragons
  14 water moccasins
  3 hell hounds (Lair:6)
  A human skeleton (D:15)
  2 black bears
  A hornet zombie (D:9)
  21 orc warriors
  2 ice beasts
  2 sky beasts
  2 necrophages
  16 ogres
  12 wolves
  20 centaurs
  A kobold brigand (D:7)
  7 bullfrogs
  Blork the orc (D:4)
  A gnoll sergeant (Orc:1)
  An earth elemental (Elf:1)
  A wyvern zombie (D:6)
  3 scorpions
  A water moccasin zombie (D:5)
  A wyvern skeleton (D:7)
  A water moccasin skeleton (D:5)
  5 wights
  4 howler monkeys
  2 electric eels (D:10)
  2 centaur zombies
  A bullfrog zombie (D:7)
  17 orc priests
  2 gnoll shamans
  2 hounds (D:4)
  A bullfrog skeleton (D:6)
  7 centaur skeletons
  3 iguanas
  21 orc wizards
  12 hell rats
  3 hound skeletons
  17 gnolls
  2 howler monkey skeletons
  7 adders
  An ufetubus (D:6)
  An adder skeleton (D:4)
  3 worms
  4 dart slugs
  79 orcs
  2 endoplasms
  15 goblins
  9 hobgoblins
  A quokka (D:1)
  3 ball pythons
  A bat (D:2)
  7 frilled lizards
  11 kobolds
  7 rats
643 creatures vanquished.

Vanquished Creatures (collateral kills)
  A boulder beetle (D:12)
  An ogre mage (Orc:2)
  A two-headed ogre (D:15)
  A skeletal warrior (D:15)
  2 orc sorcerers (Orc:2)
  2 centaurs (D:13)
  6 orc wizards (Orc:2)
  An orc (Orc:2)
15 creatures vanquished.

Vanquished Creatures (others)
  A bloated husk (Swamp:1)
  A centaur zombie (D:9)
  A bush (Lair:6)
  26 fungi
  70 plants
  2 withered plants (D:15)
101 creatures vanquished.

Grand Total: 759 creatures vanquished

Notes
Turn   | Place    | Note
-------+----------+-------------------------------------------
     0 | D:1      | Lekart the Draconian Brigand began the quest for the Orb.
     0 | D:1      | Reached XP level 1. HP: 17/17 MP: 1/1
   674 | D:1      | Reached XP level 2. HP: 25/25 MP: 2/2
   788 | D:1      | Reached skill level 1 in Dodging
  1379 | D:2      | Reached XP level 3. HP: 30/30 MP: 3/3
  1578 | D:2      | Reached XP level 4. HP: 37/37 MP: 4/4
  2385 | D:3      | Found a runed translucent gate.
  2385 | D:3      | Identified the +0 leather armour "Otucvotu" {Dex+2 Slay+3}
  2386 | D:3      | Found a runed translucent gate.
  2387 | D:3      | Found a runed translucent gate.
  2387 | D:3      | Noticed Lekart's ghost (amateur DrFi)
  2391 | D:3      | You fall into a shaft and drop 3 floors!
  2391 | D:6      | Noticed Edmund
  2391 | D:6      | Noticed a two-headed ogre
  2434 | D:6      | Killed Edmund
  2435 | D:6      | Reached XP level 5. HP: 3/45 MP: 5/5
  2761 | D:6      | Reached XP level 6. HP: 10/51 MP: 6/6
  3153 | D:5      | Entered Level 5 of the Dungeon
  4108 | D:3      | Found Joiskyi's Distillery.
  4161 | D:3      | Bought a potion of heal wounds for 60 gold pieces
  4161 | D:3      | Bought a potion of might for 48 gold pieces
  5199 | D:4      | Your scales start taking on a fiery red colour.
  5199 | D:4      | Reached XP level 7. HP: 57/57 MP: 7/7
  5199 | D:4      | Gained mutation: Your flesh is heat resistant. (rF+) [Red
                  | Draconian growth]
  5768 | D:4      | Reached skill level 1 in Maces & Flails
  5958 | D:4      | Noticed Blork the orc
  5962 | D:4      | Killed Blork the orc
  5963 | D:4      | Reached skill level 5 in Stealth
  5963 | D:4      | Reached skill level 1 in Evocations
  6444 | D:5      | Reached XP level 8. HP: 57/66 MP: 8/8
  6547 | D:5      | Found a staircase to the Ecumenical Temple.
  6682 | D:5      | Killed a two-headed ogre
  6683 | D:5      | Reached skill level 5 in Fighting
  6972 | D:5      | Reached skill level 5 in Maces & Flails
  7101 | D:5      | Reached XP level 9. HP: 49/74 MP: 9/9
  7603 | D:5      | Noticed Menkaure
  7608 | D:5      | Killed Menkaure
  7896 | D:6      | Noticed Grinder
  7907 | D:6      | Paralysed by Grinder for 3 turns
  7919 | D:6      | Killed Grinder
  7920 | D:6      | Reached skill level 1 in Bows
  8947 | D:6      | Found a runed translucent door.
  8960 | D:6      | Noticed MacCMillion's ghost (novice DsFi)
  8971 | D:6      | Found a shimmering blue altar of Sif Muna.
  9040 | D:6      | Found a shimmering altar of Xom.
  9316 | D:6      | Found a bloodstained altar of Trog.
  9426 | D:7      | Reached skill level 5 in Bows
 10103 | D:7      | Reached XP level 10. HP: 50/84 MP: 10/10
 11234 | D:8      | Reached skill level 5 in Short Blades
 11334 | D:8      | Learned a level 2 spell: Wereblood
 12508 | D:9      | Found a staircase to the Lair.
 13081 | D:9      | Found a glowing silver altar of Zin.
 13301 | D:10     | Entered Level 10 of the Dungeon
 13327 | D:10     | Noticed a two-headed ogre
 13335 | D:10     | HP: 2/88 [two-headed ogre (16)]
 13340 | D:10     | Found Painuzia's Magic Scroll Emporium.
 13343 | D:10     | Identified the +3 helmet "Hoywunum" {rElec rPois Str-4}
 13357 | D:10     | Reached skill level 5 in Dodging
 13642 | D:10     | Bought a scroll of magic mapping for 45 gold pieces
 13642 | D:10     | Bought a scroll of silence for 97 gold pieces
 13642 | D:10     | Bought a scroll of teleportation for 39 gold pieces
 13642 | D:10     | Bought a scroll of blinking for 97 gold pieces
 13770 | D:10     | Reached XP level 11. HP: 94/94 MP: 11/11
 14804 | D:11     | Noticed an eight-headed hydra
 14812 | D:11     | Killed an eight-headed hydra
 15142 | Lair:1   | Entered Level 1 of the Lair of Beasts
 15446 | Lair:1   | Reached skill level 1 in Shields
 16059 | Lair:1   | Noticed Gastronok
 16069 | Lair:1   | Killed Gastronok
 17036 | Lair:2   | Reached skill level 10 in Bows
 17268 | Lair:2   | Found a hole to the Spider Nest.
 17592 | Lair:2   | Found a staircase to the Swamp.
 19291 | Lair:2   | Reached XP level 12. HP: 59/105 MP: 12/12
 19493 | Lair:3   | Noticed a seven-headed hydra
 20476 | Lair:3   | Noticed a five-headed hydra
 20482 | Lair:3   | Killed a five-headed hydra
 21075 | Lair:3   | Noticed a four-headed hydra
 21095 | Lair:3   | Killed a four-headed hydra
 21385 | Temple   | Entered the Ecumenical Temple
 21700 | Temple   | Became a worshipper of Makhleb the Destroyer
 21974 | Lair:3   | Upgraded the game from 0.28-a0-1412-gf95308ed99 to
                  | 0.28-a0-1429-gf3d713df7a
 22224 | Lair:3   | Reached skill level 10 in Fighting
 22980 | Lair:4   | Upgraded the game from 0.28-a0-1429-gf3d713df7a to
                  | 0.28-a0-1435-g82390b3a13
 24205 | Lair:5   | Noticed a seven-headed hydra
 24213 | Lair:5   | Killed a seven-headed hydra
 24213 | Lair:5   | Reached * piety under Makhleb
 24214 | Lair:5   | Reached skill level 5 in Throwing
 24976 | Lair:5   | Found a staircase to the Slime Pits.
 25935 | Lair:5   | Noticed a five-headed hydra
 25946 | Lair:5   | Killed a five-headed hydra
 26110 | Lair:6   | Entered Level 6 of the Lair of Beasts
 26137 | Lair:6   | Reached XP level 13. HP: 108/114 MP: 14/14
 26217 | Lair:6   | Noticed a dire elephant
 26237 | Lair:6   | Killed a dire elephant
 27421 | Lair:6   | Found a white marble altar of Elyvilon.
 27569 | Lair:6   | Gained mutation: Your tail ends in a venomous barb. [potion
                  | of mutation]
 27569 | Lair:6   | Gained mutation: You passively dampen the noise of your
                  | surroundings. [potion of mutation]
 27623 | Lair:5   | Reached ** piety under Makhleb
 27642 | Lair:5   | Reached skill level 1 in Invocations
 29466 | Lair:6   | Found a burning altar of Makhleb.
 30284 | Lair:6   | Found a gateway to Hell.
 30300 | Hell     | Entered the Vestibule of Hell
 30300 | Hell     | Noticed Geryon
 30300 | Hell     | Noticed a cacodemon
 31948 | D:12     | Reached *** piety under Makhleb
 32477 | D:12     | Paralysed by a great orb of eyes for 6 turns
 33104 | D:12     | Reached XP level 14. HP: 124/124 MP: 17/17
 33132 | D:12     | Reached skill level 5 in Invocations
 33491 | D:12     | Paralysed by an orc priest for 5 turns
 34377 | D:13     | Noticed fly's ghost (journeyman DgDe)
 34381 | D:13     | Found a runed translucent gate.
 34381 | D:13     | Found a runed translucent gate.
 34382 | D:13     | Found a runed translucent gate.
 34996 | D:12     | Found a staircase to the Orcish Mines.
 35635 | Orc:1    | Entered Level 1 of the Orcish Mines
 35748 | Orc:1    | Reached **** piety under Makhleb
 36203 | Orc:2    | Entered Level 2 of the Orcish Mines
 36227 | Orc:2    | Gained mutation: You are weak. (Str -2) [a neqoxec]
 36240 | Orc:2    | Found a flickering gateway to a bazaar.
 36246 | Bazaar   | Entered a bazaar
 36246 | Bazaar   | Found Erinulibb's General Store.
 36246 | Bazaar   | Found Sauvatos's Antique Weapon Shoppe.
 36247 | Bazaar   | Found Yfubroaf's Book Emporium.
 36247 | Bazaar   | Found Oxtuyjod's Assorted Antiques.
 36519 | Orc:2    | Found a staircase to the Elven Halls.
 38296 | Orc:2    | Found Xaecov's Book Shoppe.
 38306 | Orc:2    | Reached skill level 5 in Shields
 38327 | Orc:2    | Found Dumy's Magic Scroll Emporium.
 38489 | Orc:1    | Paralysed by an orc sorcerer for 3 turns
 38955 | Orc:2    | Found a radiant altar of Vehumet.
 38968 | Orc:2    | Bought a scroll of teleportation for 33 gold pieces
 38968 | Orc:2    | Bought a scroll of fear for 38 gold pieces
 38968 | Orc:2    | Bought a scroll of teleportation for 33 gold pieces
 38968 | Orc:2    | Bought a scroll of enchant weapon for 82 gold pieces
 38968 | Orc:2    | Bought 3 scrolls of magic mapping for 115 gold pieces
 38989 | Orc:2    | Noticed Erolcha
 39007 | Orc:2    | Killed Erolcha
 39052 | Orc:2    | Found an ancient bone altar of Kikubaaqudgha.
 39100 | Orc:2    | Found Vaam's Antique Armour Shoppe.
 39108 | Orc:2    | Found Eggyrroi's Magic Scroll Emporium.
 39117 | Orc:2    | Bought a scroll of blinking for 127 gold pieces
 39117 | Orc:2    | Bought a scroll of teleportation for 51 gold pieces
 39117 | Orc:2    | Bought a scroll of enchant weapon for 127 gold pieces
 39117 | Orc:2    | Bought a scroll of enchant armour for 127 gold pieces
 39117 | Orc:2    | Bought a scroll of enchant weapon for 127 gold pieces
 39117 | Orc:2    | Bought a scroll of magic mapping for 59 gold pieces
 39991 | D:13     | Found a gate to the Vaults.
 40667 | D:14     | Found a basalt altar of Yredelemnul.
 40900 | D:14     | Reached ***** piety under Makhleb
 41491 | D:14     | Noticed a broodmother
 41539 | D:13     | Reached XP level 15. HP: 132/132 MP: 22/22
 42053 | D:14     | Reached skill level 10 in Invocations
 43718 | D:15     | Entered Level 15 of the Dungeon
 43770 | D:15     | Reached skill level 10 in Dodging
 44100 | D:15     | Found a staircase to the Depths.
 45811 | Spider:1 | Entered Level 1 of the Spider Nest
 46602 | Spider:1 | Learned a level 5 spell: Silence
 47596 | Swamp:1  | Entered Level 1 of the Swamp
 47610 | Swamp:1  | Reached skill level 1 in Spellcasting
 48421 | Depths:1 | Entered Level 1 of the Depths
 48421 | Depths:1 | Noticed a lich
 48422 | Depths:1 | Killed a lich
 48423 | Depths:1 | Reached skill level 1 in Air Magic
 48537 | Depths:1 | Noticed a fire giant
 48538 | Depths:1 | Killed a fire giant
 48539 | Depths:1 | Reached skill level 1 in Hexes
 48736 | Elf:1    | Entered Level 1 of the Elven Halls
 48818 | Elf:1    | HP: 2/134 [earth elemental (20)]
 48839 | Elf:1    | Slain by a +1 long sword of electrocution

Illustrated notes

Levels and vault maps discovered:
D:1:      psy_arrival_basics, layout_basic, grunt_decor_one_mirror
D:2:      cheibrodos_old_hovel, layout_basic
D:3:      minmay_chambers_of_threes, layout_basic, serial_shops,
          nicolae_shop_waterfront, biasface_ghost_orc_armoury,
          kennysheep_decorative_pillar, minmay_goblin_outpost
D:4:      layout_cave_pods, grunt_ministairs_12, uniq_blork_the_orc
D:5:      layout_loops_ring, minmay_temple_entry_drinking_statues,
          kennysheep_generic_room_15, uniq_menkaure
D:6:      layout_rooms, mainiacjoe_overflow_alcove_2,
          grunt_temple_overflow_open, ebering_ghost_reflecting_pool,
          uniq_grinder, uniq_edmund
D:7:      layout_basic
D:8:      wander_river, layout_cave_pools
D:9:      layout_roguey, general_overflow_altar, lair_entry_dummy
D:10:     layout_basic, serial_shops, shop_fountains
D:11:     lemuel_ice_statue, layout_irregular_city
D:12:     layout_loops_corners, david_orc_5
D:13:     layout_irregular_city, hangedman_vaults_entry_quadrant_bands,
          serial_column_ruins, column_ruins_hut_pillars,
          column_ruins_columns_straight, column_ruins_grid_3,
          column_ruins_columns_dead_end, column_ruins_open_tiny,
          gammafunk_ghost_split
D:14:     nzn_motion_control, layout_loops_cross, yredelemnul_altar_generic
D:15:     gammafunk_depths_entry_grave, layout_gridville, serial_glass,
          glass_columns_a, glass_columns_b, item_on_display_a,
          chequers_arboretum
Temple:   dpeg_five_rooms_temple
Lair:1:   layout_layer_cave, grunt_megastairs_5, uniq_gastronok
Lair:2:   nzn_winding_woodlands_small [nzn_winding_woodlands_5x15_longhouse,
          nzn_winding_woodlands_center_lodge,
          nzn_winding_woodlands_5x15_jagged], layout_cellular_growth,
          swamp_mist_pool, spider_nest_entry_webs
Lair:3:   layout_long_grid, st_stairs_3, nicolae_quartered_pool_little
Lair:4:   layout_regular_city
Lair:5:   layout_cave_pods, dpeg_slime_entry_corner
Lair:6:   evil_forest, layout_loops_ring, basic_altar,
          nicolae_lair_grazing_beasts [nicolae_sub_lair_graze_edge,
          nicolae_sub_lair_graze_edge, nicolae_sub_lair_graze_edge,
          nicolae_sub_lair_graze_edge]
Swamp:1:  layout_falls_marsh, hangedman_swamp_blocks, nicolae_swamp_small_spring
Spider:1: nicolae_spider_hilbert_zone_4 [nicolae_spider_hilbert_4_sides_2_open,
          nicolae_spider_hilbert_4_sides_1_open,
          nicolae_spider_hilbert_4_sides_1_open,
          nicolae_spider_hilbert_4_sides_1_open,
          nicolae_spider_hilbert_4_sides_1_open,
          nicolae_spider_hilbert_2_sides_1_open,
          nicolae_spider_hilbert_2_sides_1_open,
          nicolae_spider_hilbert_2_sides_1_open,
          nicolae_spider_hilbert_2_sides_1_open,
          nicolae_spider_hilbert_6_sides_1_open,
          nicolae_spider_hilbert_6_sides_1_open,
          nicolae_spider_hilbert_3_sides_1_open,
          nicolae_spider_hilbert_3_sides_1_open], uniq_aizul
Spider:2: layout_cave_pods, nicolae_spider_bug_shape, uniq_arachne
Spider:3: layout_cave_pods, nicolae_spider_baby_got_redback
Orc:1:    layout_caves
Orc:2:    kennysheep_orc_mage_school, layout_caves, serial_shops, bzr_entry_safe
Elf:1:    eino_elf_arrival_sip, layout_gridlike, minmay_elf_necromancy,
          library_closet, nicolae_shop_self_help, minmay_shop_star
Depths:1: layout_basic, pan_entry, serial_shops, kennysheep_mini_moat,
          minivault_14, grunt_hell_entry_dis_old, minmay_the_grid_2x2
          [minmay_the_grid_holed_spiral, minmay_the_grid_diamond_grid,
          minmay_the_grid_mess, minmay_the_grid_prize_inner_circle],
          uniq_enchantress
Hell

Skill      XL: |  1  2  3  4  5  6  7  8  9 10 11 12 13 14 15 |
---------------+----------------------------------------------+-----
Throwing       | 2 3 4 6 8 |  8.8
Dodging        | 1 2 3 4 5 6 7 8 9 10 | 10.4
Fighting       | 3 4 5 6 8 9 10 11 12 | 12.4
Short Blades   | 3 4 5 6 7 8 |  8.9
Stealth        | 4 5 6 7 |  7.5
Maces & Flails | 2 5 6 |  6.0
Evocations     | 1 2 3 |  3.6
Bows           | 5 9 10 12 | 12.4
Shields        | 2 3 4 5 6 |  6.0
Invocations    | 4 9 11 | 11.9
Spellcasting   | 1 |  1.9
Air Magic      | 1 |  1.4
Hexes          | 1 |  1.1
Transmutations | |  0.9

Action                   |  1- 3 |  4- 6 |  7- 9 | 10-12 | 13-15 || total
-------------------------+-------+-------+-------+-------+-------++-------
Melee: Dagger            |    35 |   178 |    33 |   396 |  1364 ||  2006
       Tailslap          |     3 |    28 |    13 |    84 |   288 ||   416
       Punch             |     1 |     3 |     3 |     5 |    46 ||    58
       Whip              |       |    31 |    72 |       |       ||   103
 Fire: Shortbow          |       |       |   165 |   513 |   314 ||   992
Throw: Dart              |    38 |     8 |       |   151 |   252 ||   449
       Throwing net      |       |       |       |     1 |     2 ||     3
       Boomerang         |       |       |       |       |    24 ||    24
 Cast: Wereblood         |       |       |       |     5 |     3 ||     8
Invok: Minor Destruction |       |       |       |       |   321 ||   321
       Lesser Servant of |       |       |       |       |    20 ||    20
 Abil: Breathe Fire      |       |       |    11 |    19 |    50 ||    80
Evoke: Wand              |       |     8 |     5 |     5 |    59 ||    77
  Use: Potion            |       |     1 |     3 |     5 |    11 ||    20
       Scroll            |       |     3 |     8 |    10 |    20 ||    41
 Stab: Sleeping          |       |     9 |     3 |     2 |    20 ||    34
       Paralysed         |       |       |       |       |     6 ||     6
       Petrified         |       |       |       |       |     1 ||     1
       Petrifying        |       |       |       |       |     1 ||     1
       Distracted        |       |       |       |       |     1 ||     1
Armor: Skin              |    12 |    67 |    65 |   196 |   583 ||   923
Dodge: Dodged            |    11 |   118 |   135 |   422 |  1027 ||  1713
Block: Other             |       |       |       |   123 |   316 ||   439
       Reflection        |       |       |       |     2 |    16 ||    18

Table legend: (Time is in decaauts)
 A = Elapsed time spent in this place.
 B = Non-inter-level travel time spent in this place.
 C = Inter-level travel time spent in this place.
 D = Time resting spent in this place.
 E = Time spent auto-exploring this place.
 F = Levels seen in this place.
 G = Mean time per level.
                   A        B        C        D        E       F      G
               +--------+--------+--------+--------+--------+-----+--------+
         Total |  47981 |  44936 |   3045 |  15457 |  20900 |  32 | 1499.4 |
       Dungeon |  26669 |  24549 |   2120 |   7478 |  12834 |  15 | 1777.9 |
        Temple |    367 |    295 |     72 |      0 |    248 |   1 |  367.0 |
          Lair |  15961 |  15250 |    711 |   5895 |   6917 |   6 | 2660.2 |
         Swamp |    404 |    404 |      0 |    279 |     17 |   1 |  404.0 |
   Spider Nest |    737 |    737 |      0 |    394 |      0 |   3 |  245.7 |
  Orcish Mines |   3525 |   3388 |    137 |   1306 |    883 |   2 | 1762.5 |
   Elven Halls |    100 |    100 |      0 |      5 |      0 |   1 |  100.0 |
        Depths |    179 |    179 |      0 |    100 |      0 |   1 |  179.0 |
          Hell |      1 |      1 |      0 |      0 |      0 |   1 |    1.0 |
        Bazaar |     32 |     32 |      0 |      0 |      0 |   1 |   32.0 |
               +--------+--------+--------+--------+--------+-----+--------+

Top non-repeatable levels by time:
  Lair:2: 4758 daAuts
  Lair:6: 3222 daAuts
    D:13: 2968 daAuts
  Lair:5: 2908 daAuts
    D:14: 2826 daAuts
    D:12: 2570 daAuts
  Lair:1: 2066 daAuts
     D:7: 2006 daAuts
   Orc:1: 1824 daAuts
     D:3: 1814 daAuts
     D:5: 1736 daAuts
     D:4: 1704 daAuts
   Orc:2: 1701 daAuts
     D:6: 1654 daAuts
    D:15: 1569 daAuts
